 Dungeon Crawl Stone Soup version 0.18.1-48-g4cf74bf (webtiles) character file.

1688 kosy22 the Ruffian (level 8, -2/79 HPs)
             Began as a Troll Monk on Aug 20, 2016.
             Killed by divine providence
             ... invoked by an orc priest
              (15 damage)
             ... on level 6 of the Dungeon.
             The game lasted 00:14:52 (4655 turns).

kosy22 the Ruffian (Troll Monk)                     Turns: 4655, Time: 00:14:53

Health: -2/79      AC:  7    Str: 22    XL:     8   Next: 71%
Magic:  7/7        EV:  8    Int:  6    God:
Gold:   90         SH: 13    Dex: 14    Spells: 0 memorised, 7 levels left

rFire  + . .     SeeInvis +       - Unarmed
rCold  . . .     Gourm    +     a - +1 robe
rNeg   . . .     Faith    .     B - +0 large shield
rPois  .         Spirit   .     (helmet restricted)
rElec  .         Dismiss  .     c - +0 cloak
rCorr  .         Reflect  .     (gloves unavailable)
SustAt .         Harm     .     (boots unavailable)
MR     .....                    (no amulet)
Stlth  ++........               E - ring of see invisible
                                j - +2 ring of dexterity

@: not resistant to hostile enchantments, unstealthy
A: unfitting armour, claws 3, fire resistance 1, fast metabolism 3, gourmand,
regeneration 2, shaggy fur 1, tough skin 2
a: no special abilities


You were on level 6 of the Dungeon.
You were not hungry.

You visited 1 branch of the dungeon, and saw 6 of its levels.

You collected 238 gold pieces.
You spent 148 gold pieces at shops.

Inventory:

Armour
 a - a +1 robe (worn)
 c - a +0 cloak (worn)
 B - a +0 large shield (worn)
Rods
 C - a +1 rod of inaccuracy (9/9)
   (You found it on level 5 of the Dungeon)
Jewellery
 j - a +2 ring of dexterity (left claw)
 m - an uncursed ring of magical power
 y - an uncursed ring of magical power
 A - an uncursed ring of sustain attributes {unknown}
 E - a ring of see invisible (right claw)
Wands
 D - a wand of slowing (24/48)
Scrolls
 d - 2 scrolls of remove curse
 i - a scroll of random uselessness {unknown}
 k - 2 scrolls of teleportation
 p - a scroll of enchant weapon {unknown}
 q - 2 scrolls of magic mapping {unknown}
 t - a scroll of noise {unknown}
 v - a scroll of recharging {unknown}
 w - a scroll of amnesia {unknown}
Potions
 e - a potion of resistance {unknown}
 g - 4 potions of curing {unknown}
 h - a potion of flight {unknown}
 l - a potion of agility {unknown}
 n - a potion of haste {unknown}
 o - 4 potions of heal wounds
 s - a potion of brilliance {unknown}
 u - a potion of lignification {unknown}
 x - 2 potions of degeneration {unknown}
 z - a potion of cure mutation {unknown}
 F - a potion of might {unknown}
Comestibles
 b - 2 bread rations
 f - a meat ration
 r - a fruit


   Skills:
 + Level 4.8 Fighting
 + Level 6.0 Dodging
 + Level 2.5 Stealth
 + Level 2.3 Shields
 + Level 7.0 Unarmed Combat


You had 7 spell levels left.
You didn't know any spells.

Dungeon Overview and Level Annotations

Branches:
Dungeon (6/15)
 Temple: D:4-7

Altars:
Nemelex Xobeh
Ru

Shops:
D:4 [


Innate Abilities, Weirdness & Mutations

You are too large for most types of armour.
You have claws for hands.
Your metabolism is lightning-fast.
You like to eat raw meat.
You heal very quickly.
You are covered in fur (AC +1).
You have very tough skin (AC +2).
Your flesh is heat resistant.


Message History

You scratch the orc.
The orc is heavily wounded.
You block the orc's attack.
You scratch the orc.
You kill the orc!
You barely miss the orc priest.
The orc priest hits you with a hand axe.
* * * LOW HITPOINT WARNING * * *
You scratch the orc priest but do no damage.
You block the orc priest's attack.
Your shield prevents you from hitting the orc priest.
The orc priest looks braver for a moment.
You scratch the orc priest.
The orc priest is heavily wounded.
You block the orc priest's attack.
You closely miss the orc priest.
The orc priest is heavily wounded.
The orc priest calls down the wrath of Beogh upon you.
Beogh smites you!
You die...

#.#.####.####...#
# ##%...%...%#..#
#..##.##..# ..
#.#.#?#.#.#
..#.##...##.###
....%...%...%...
#.##.##.o.##.###
# #.#o#.# #
#..##@##..#
#%=..%...%#
#..####.####...
#.# ..# ... ..
..## #. ... ....
..... ......


You could see an orc priest and an orc wizard.

Vanquished Creatures
  Grinder (D:5)
  The ghost of barakagiga the Vandal, an amateur KoAM of Okawaru (D:3)
  A water moccasin (D:5)
  2 sky beasts
  An orc warrior (D:6)
  An ogre (D:4)
  A centaur (D:5)
  A giant frog (D:6)
  2 scorpions
  A crimson imp (D:5)
  2 orc priests
  3 centaur zombies (D:5)
  A hound (D:5)
  A giant frog skeleton (D:4)
  4 orc wizards
  Jessica (D:2)
  4 worker ants
  6 adders
  2 oozes
  4 worms
  A dart slug (D:1)
  4 giant geckos
  23 orcs
  A ball python (D:3)
  13 bats
  4 giant cockroaches
  4 goblins
  12 hobgoblins
  11 jackals
  2 quokkas
  2 giant newts
  5 kobolds
  5 rats
127 creatures vanquished.

Notes
Turn   | Place    | Note
--------------------------------------------------------------
     0 | D:1      | kosy22 the Troll Monk began the quest for the Orb.
     0 | D:1      | Reached XP level 1. HP: 22/22 MP: 0/0
   115 | D:1      | Reached XP level 2. HP: 29/29 MP: 1/1
   393 | D:1      | Reached XP level 3. HP: 33/36 MP: 2/2
  1081 | D:2      | Reached XP level 4. HP: 44/44 MP: 3/3
  1209 | D:2      | Noticed Jessica
  1216 | D:2      | Killed Jessica
  1402 | D:3      | Noticed barakagiga's ghost (amateur KoAM)
  1416 | D:3      | Killed barakagiga's ghost
  1416 | D:3      | Reached skill level 5 in Unarmed Combat
  1416 | D:3      | Reached XP level 5. HP: 46/53 MP: 4/4
  1437 | D:3      | Found a sparkling altar of Nemelex Xobeh.
  1743 | D:3      | Reached XP level 6. HP: 59/61 MP: 5/5
  2049 | D:4      | Found Effourrey's Antique Armour Shop.
  2385 | D:4      | Noticed a sky beast
  2407 | D:4      | Killed a sky beast
  2481 | D:4      | Reached XP level 7. HP: 68/68 MP: 6/6
  2523 | D:4      | Found a sacrificial altar of Ru.
  2772 | D:4      | Reached skill level 6 in Unarmed Combat
  3128 | D:4      | Bought a large shield for 148 gold pieces
  3218 | D:5      | Entered Level 5 of the Dungeon
  3347 | D:5      | Identified a +1 rod of inaccuracy (9/9) (You found it on level 5 of the Dungeon)
  3395 | D:5      | Noticed Grinder
  3407 | D:5      | Paralysed by Grinder for 7 turns
  3419 | D:5      | Paralysed by Grinder for 3 turns
  3423 | D:5      | Killed Grinder
  3423 | D:5      | Reached skill level 5 in Dodging
  3540 | D:5      | Reached XP level 8. HP: 77/78 MP: 7/7
  3636 | D:5      | Reached skill level 1 in Shields
  3827 | D:5      | Gained mutation: Your flesh is heat resistant. [mutagenic meat]
  4640 | D:6      | Reached skill level 7 in Unarmed Combat
  4655 | D:6      | Killed from afar by an orc priest

Skill      XL: |  1  2  3  4  5  6  7  8 |
---------------+-------------------------+-----
Dodging        | 3 4 5 6 |  6.0
Fighting       | 3 4 |  4.8
Unarmed Combat | 5 6 7 |  7.0
Stealth        | 2 |  2.5
Shields        | 2 |  2.3

Action                   |  1- 3 |  4- 6 |  7- 9 || total
-------------------------+-------+-------+-------++-------
Melee: Unarmed           |    81 |   126 |   158 ||   365
       Punch             |     1 |     3 |     2 ||     6
  Use: Scroll            |     6 |       |     1 ||     7
 Stab: Sleeping          |     3 |     2 |       ||     5
       Invisible         |       |       |     1 ||     1
  Eat: Chunk             |     6 |    17 |     8 ||    31
       Bread ration      |     1 |       |     1 ||     2
       Fruit             |       |       |     2 ||     2
Armor: Robe              |    32 |    48 |    31 ||   111
Dodge: Dodged            |    77 |    73 |    49 ||   199
Block: Large shield      |       |       |    82 ||    82
